 Dungeon Crawl Stone Soup version bcrawl-1.21.2-1-g32d02e0829 (webtiles) character file.

Game seed: 17961107338681796385

174 Mrkan the Poker (level 5, 0/41 HPs)
             Began as a Merfolk Gladiator on Feb 23, 2020.
             Succumbed to a kobold's poison
             ... on level 3 of the Dungeon.
             The game lasted 00:02:54 (2652 turns).

Mrkan the Poker (Merfolk Gladiator)                 Turns: 2652, Time: 00:02:55

Health: 0/41       AC:  4    Str: 15    XL:     5   Next: 54%
Magic:  5/5        EV: 15    Int:  7    God:
Gold:   235        SH:  0    Dex: 16    Spells: 4/4 levels left

rFire    . . .     SeeInvis .   a - +0 trident
rCold    . . .     Gourm    .   (no shield)
rNeg     . . .     Faith    .   b - +0 leather armour
rPois    .         Spirit   .   c - +0 helmet
rElec    .         Reflect  .   (no cloak)
rCorr    .         Harm     .   (no gloves)
MR       .....                  (no boots)
Stlth    +.........             (no amulet)
HPRegen  0.13/turn              (no ring)
MPRegen  0.09/turn              (no ring)

@: lethally poisoned (0 -> -17)
A: change form in water, swift swim, stealthy swim
a: no special abilities


You were on level 3 of the Dungeon.
You were not hungry.

You visited 1 branch of the dungeon, and saw 3 of its levels.

You collected 235 gold pieces.

Inventory:

Hand Weapons
 a - a +0 trident (weapon)
Missiles
 d - 3 throwing nets (quivered) {!f}
Armour
 b - a +0 leather armour (worn)
 c - a +0 helmet (worn)
Scrolls
 g - a scroll of enchant weapon {unknown}
 h - 7 scrolls of identify {unknown}
 i - a scroll of remove curse {unknown}
 l - a scroll of immolation {unknown}
 n - a scroll of teleportation {unknown}
 p - a scroll of fog {unknown}
 q - a scroll of magic mapping {unknown}
 r - a scroll of amnesia {unknown}
Potions
 j - 2 potions of agility {unknown}
 k - a potion of magic {unknown}
 m - 3 potions of degeneration {unknown}
 o - 2 potions of might {unknown}
 s - a potion of haste
Comestibles
 e - 2 rations {!d}


   Skills:
 + Level 3.5 Fighting
 * Level 6.9 Polearms
 - Level 2.0 Throwing
 + Level 5.2 Dodging


You had 4 spell levels left.
You didn't know any spells.
Your spell library was empty.

Dungeon Overview and Level Annotations

Branches:
Dungeon (3/12)

Altars:


Message History

The ooze is severely wounded.
* * * LOW HITPOINT WARNING * * *
You feel sick. The ooze hits you but does no damage.
The gnoll hits you from afar with a +0 spear.
* * * LOW HITPOINT WARNING * * *
The kobold shoots a poisoned needle.
The poisoned needle closely misses you.
The poisoned needle hits the ooze!
The ooze is poisoned.
You hit the ooze but do no damage.
The ooze is severely wounded.
* * * LOW HITPOINT WARNING * * *
You feel sick. The ooze misses you.
The gnoll hits you from afar with a +0 spear.
* * * LOW HITPOINT WARNING * * *
You puncture the ooze!
You kill the ooze!
* * * LOW HITPOINT WARNING * * *
You feel sick. The gnoll misses you.
The kobold shoots a poisoned needle.
The poisoned needle misses you.
The poisoned needle barely misses the gnoll.
You die...

.)....#..)...# .......
.....##.#....###g......
##.# #.#.#....gg......
..#.............. #.
###.##.....(... ..
#g######..... #)# ####.
#.# #@# #K# #.# #$. ###


You could see a gnoll and a kobold.

Vanquished Creatures
  A hound (D:3)
  3 gnolls (D:3)
  2 adders (D:3)
  2 oozes (D:3)
  3 worms
  5 dart slugs
  8 leopard geckos
  4 orcs (D:3)
  A ball python (D:1)
  4 bats
  3 giant cockroaches
  2 goblins
  6 hobgoblins
  2 jackals (D:3)
  2 quokkas
  3 frilled lizards
  3 kobolds
  7 rats
61 creatures vanquished.

Notes
Turn   | Place    | Note
-------+----------+-------------------------------------------
     0 | D:1      | Mrkan the Merfolk Gladiator began the quest for the Orb.
     0 | D:1      | Reached XP level 1. HP: 16/16 MP: 1/1
    86 | D:1      | Reached XP level 2. HP: 18/23 MP: 2/2
   187 | D:1      | Reached skill level 5 in Polearms
   818 | D:1      | Reached XP level 3. HP: 28/28 MP: 3/3
  1943 | D:3      | Reached XP level 4. HP: 34/34 MP: 4/4
  1985 | D:3      | Reached skill level 6 in Polearms
  2340 | D:3      | Reached skill level 5 in Dodging
  2340 | D:3      | Reached XP level 5. HP: 26/41 MP: 5/5
  2651 | D:3      | HP: 2/41 [poisoned by a kobold]
  2652 | D:3      | Succumbed to a kobold's poison

Skill      XL: |  1  2  3  4 |
---------------+-------------+-----
Polearms       | 5 6 |  6.9
Fighting       | 3 |  3.5
Dodging        | 5 |  5.2
Throwing       | |  2.0

Action                   |  1- 3 |  4- 6 || total
-------------------------+-------+-------++-------
Melee: Trident           |   129 |   131 ||   260
  Use: Potion            |       |     3 ||     3
 Stab: Sleeping          |       |     1 ||     1
  Eat: Chunk             |     3 |     3 ||     6
Armor: Leather armour    |    28 |    20 ||    48
Dodge: Dodged            |   105 |    94 ||   199
